 Dungeon Crawl Stone Soup version 0.19-a0-1849-g2383789 (webtiles) character file.

51 JeffiDaFish the Vexing (level 3, -1/25 HPs)
             Began as a Vampire Enchanter on Oct 9, 2016.
             Slain by Robin
             ... wielding a +1 spear of piercing
              (4 damage)
             ... on level 2 of the Dungeon.
             The game lasted 00:04:20 (1543 turns).

JeffiDaFish the Vexing (Vampire Enchanter)          Turns: 1543, Time: 00:04:21

Health: -1/25      AC:  3    Str:  8    XL:     3   Next: 58%
Magic:  2/6        EV: 13    Int: 17    God:
Gold:   98         SH:  0    Dex: 14    Spells: 2 memorised, 3 levels left

rFire  . . .     SeeInvis +     e - +1 dagger (protect)
rCold  . . .     Gourm    .     b - +1 robe
rNeg   + . .     Faith    .     (no shield)
rPois  .         Spirit   .     (no helmet)
rElec  .         Dismiss  .     (no cloak)
rCorr  .         Reflect  .     (no gloves)
MR     .....     Harm     .     (no boots)
Stlth  +++.......               (no amulet)
                                (no ring)
                                (no ring)

@: no status effects
A: fangs 3, see invisible, unbreathing
a: Bat Form


You were on level 2 of the Dungeon.
You were not thirsty.

You visited 1 branch of the dungeon, and saw 2 of its levels.

You collected 98 gold pieces.

Inventory:

Hand Weapons
 a - a +1 dagger
 e - a +1 dagger of protection (weapon)
Armour
 b - a +1 robe (worn)
Scrolls
 f - a scroll of remove curse
Potions
 d - 14 potions of blood
Books
 c - a book of Maledictions

   Spells                             Type                      Level
   a - Corona                         Hexes                        1
   b - Ensorcelled Hibernation        Hexes/Ice                    2
   c - Confuse                        Hexes                        3
   d - Tukima's Dance                 Hexes                        3
   e - Dazzling Spray                 Conjuration/Hexes            3


   Skills:
 * Level 0.6 Fighting
 + Level 1.2 Short Blades
 + Level 2.7 Dodging
 + Level 4.9 Stealth
 + Level 2.3 Spellcasting
 + Level 5.2 Hexes
 + Level 0.2 Ice Magic


You had 3 spell levels left.
You knew the following spells:

 Your Spells              Type           Power        Failure   Level  Hunger
a - Corona                Hex            ###....      2%          1    #......
b - Ensorcelled Hibernat  Hex/Ice        ##....       12%         2    ###....


Dungeon Overview and Level Annotations

Branches:
Dungeon (2/15)

Altars:

Annotations:
D:2 Robin


Innate Abilities, Weirdness & Mutations

You have razor-sharp teeth.
You have supernaturally acute eyesight. (SInv)
You can survive without breathing.


Message History

Casting: Ensorcelled Hibernation
Confirm with . or Enter, or press ? or * to list all spells.
Aiming: Ensorcelled Hibernation
Press: ? - help, Shift-Dir - straight line, f - Robin
Aim: Robin, wielding a spear of piercing, wearing an animal skin and wearing a runed helmet (chance to defeat MR: 50%) Robin resists with some effort.
Robin hits you from afar with a spear of piercing.
The goblin misses you.
Casting: Ensorcelled Hibernation
Confirm with . or Enter, or press ? or * to list all spells.
Aiming: Ensorcelled Hibernation
Press: ? - help, Shift-Dir - straight line, f/p - Robin
Aim: Robin, wielding a spear of piercing, wearing an animal skin and wearing a runed helmet (chance to defeat MR: 50%) Robin resists with some effort.
Robin hits you from afar with a spear of piercing.
* * * LOW HITPOINT WARNING * * *
x2 The goblin misses you.
You closely miss the goblin.
Robin hits you from afar with a spear of piercing.
You die...

#...g.#
#.#####
#.# #)#
#.#
#.###
#.gg#
###.#
#@# #g#
#.# #.#
# #.# ##
#.#
.####
######.#
#...#
#...##.#
.##.#
#......#


You could see Robin, a hobgoblin and a goblin.

Vanquished Creatures
  An adder (D:2)
  2 dart slugs
  2 leopard geckos
  A ball python (D:2)
  4 bats
  A giant cockroach (D:2)
  5 goblins (D:2)
  7 jackals (D:1)
  3 frilled lizards (D:1)
  3 kobolds (D:1)
  7 rats
36 creatures vanquished.

Notes
Turn   | Place    | Note
-------+----------+-------------------------------------------
     0 | D:1      | JeffiDaFish the Vampire Enchanter began the quest for the Orb.
     0 | D:1      | Reached XP level 1. HP: 13/13 MP: 3/3
   407 | D:1      | Reached XP level 2. HP: 17/19 MP: 5/5
   424 | D:1      | Learned a level 2 spell: Ensorcelled Hibernation
   869 | D:1      | Reached skill level 5 in Hexes
  1056 | D:2      | Reached XP level 3. HP: 24/24 MP: 6/6
  1504 | D:2      | Noticed Robin
  1543 | D:2      | Slain by Robin

Vault maps used:
D:1:      saegor_arrival_simple_a
D:2:      lemuel_coloured_pillars_altar, uniq_robin

Skill      XL: |  1  2 |
---------------+-------+-----
Hexes          | 5 |  5.2
Fighting       | |  0.6
Short Blades   | |  1.2
Dodging        | |  2.7
Stealth        | |  4.9
Spellcasting   | |  2.3
Ice Magic      | |  0.2

Action                   || total
-------------------------++-------
Melee: Dagger            ||   154
       Bite              ||     8
 Cast: Ensorcelled Hiber ||     5
  Use: Potion            ||     5
       Scroll            ||     5
 Stab: Sleeping          ||    11
Armor: Robe              ||    44
Dodge: Dodged            ||   108
